 Dungeon Crawl Stone Soup version 0.28-a0-305-g9e858e973b (webtiles) character file.

Game seed: 5298727189649718024

588 dolemite99 the Cleaver (level 7, 0/57 HPs)
             Began as a Hill Orc Cinder Acolyte on Aug 29, 2021.
             Was an Initiate of Ignis.
             Slain by a jelly (3 damage)
             ... on level 5 of the Dungeon.
             The game lasted 00:05:25 (5340 turns).

dolemite99 the Cleaver (Hill Orc Cinder Acolyte)    Turns: 5340, Time: 00:05:26

Health: 0/57       AC: -8    Str: 20    XL:     7   Next: 38%
Magic:  6/8        EV:  6    Int: 19    God:    Ignis [......]
Gold:   166        SH:  2    Dex:  6    Spells: 7/8 levels left

rFire   + . .      SeeInvis .   a - -1 hand axe (flame)
rCold   . . .      Faith    .   c - +0 buckler
rNeg    . . .      Spirit   .   d - +0 chain mail
rPois   .          Reflect  .   (no helmet)
rElec   .          Harm     .   (no cloak)
rCorr   .          Rampage  .   (no gloves)
Will    .....                   (no boots)
Stlth   ..........              (no amulet)
HPRegen 0.19/turn               p - +6 ring of intelligence
MPRegen 0.11/turn               (no ring)

@: corroded, very slightly contaminated
A: no striking features
a: Renounce Religion


You were on level 5 of the Dungeon.
You worshipped Ignis.
Ignis was noncommittal.
You visited 1 branch of the dungeon, and saw 5 of its levels.

You collected 166 gold pieces.

Inventory:

Hand Weapons
 a - a -1 hand axe of flaming (weapon)
 f - a +0 battleaxe
 g - a +0 dagger of draining
Missiles
 y - 32 stones
Armour
 b - a +0 robe
 c - a +0 buckler (worn)
 d - a +0 chain mail (worn)
 o - a +0 ring mail
 x - a +0 kite shield
 C - a +0 pair of boots
Jewellery
 p - a +6 ring of intelligence (left hand)
 u - a ring of flight
 B - a ring of see invisible
 D - a ring of fire
Scrolls
 j - 3 scrolls of noise {unknown}
 k - 3 scrolls of fear {unknown}
 l - a scroll of brand weapon {unknown}
 m - a scroll of summoning {unknown}
 n - 2 scrolls of identify {unknown}
 t - a scroll of immolation {unknown}
 v - 2 scrolls of amnesia {unknown}
 z - a scroll of enchant armour {unknown}
Potions
 e - 2 potions of brilliance {unknown}
 h - 4 potions of heal wounds {unknown}
 i - 2 potions of flight {unknown}
 q - a potion of might {unknown}
 r - 3 potions of lignification {unknown}
 s - a potion of haste {unknown}
 w - a potion of invisibility {unknown}
 A - a potion of ambrosia {unknown}


   Skills:
 - Level 3.6 Fighting
 + Level 10.7 Axes
 - Level 1.0 Spellcasting
 - Level 1.1 Fire Magic


You had 7 spell levels left.
You knew the following spells:

 Your Spells              Type           Power      Damage    Failure   Level
a - Foxfire               Conj/Fire      12%        2x1d4     97%         1

Your spell library contained the following spells:

 Spells                   Type           Power      Damage    Failure   Level
 Dazzling Flash           Conj/Hex       0%         N/A       100%        3
 Agony                    Necr           0%         N/A       100%        5
 Silence                  Hex/Air        0%         N/A       100%        5


Dungeon Overview and Level Annotations

Branches:
Dungeon (5/15)
 Temple: D:4-7

Altars:
Nemelex Xobeh

Shops:
D:4 :=[[

Annotations:
D:3 2 transporters, timneilson's ghost, amateur GrFi


Message History

You start waiting.
Done waiting.
D - a ring of fire
y - 32 stones (gained 25)
You open the door.
A jelly comes into view.
The jelly quivers.
There is an open door here.
A jelly is nearby!
The jelly hits you but does no damage.
Found 13 gold pieces.
The jelly hits you but does no damage.
You hit the jelly. You burn the jelly.
Your hands burn!
The jelly is lightly wounded.
The jelly hits you but does no damage.
Casting: Foxfire (safe; 97% risk of failure)
Confirm with . or Enter, or press ? or * to list all spells.
You miscast Foxfire.
You are very lightly contaminated with residual magic.
Nothing appears to happen.
The jelly hits you but does no damage.
You hit the jelly. You burn the jelly. The acid corrodes you!
Your hands burn!
The jelly is moderately wounded.
The jelly closely misses you.
You hit the jelly but do no damage.
Your hands burn!
The jelly is moderately wounded.
The jelly hits you. The acid corrodes you!
You are splashed with acid!
You hit the jelly but do no damage.
Your hands burn!
The jelly is moderately wounded.
Casting: Foxfire (safe; 97% risk of failure)
Confirm with . or Enter, or press ? or * to list all spells.
You miscast Foxfire.
Nothing appears to happen.
The jelly hits you. The acid corrodes you!
You are splashed with acid!
You hit the jelly but do no damage. The acid corrodes you!
Your hands burn!
The jelly is moderately wounded.
The jelly hits you. The acid corrodes you!
You are splashed with acid!
* * * LOW HITPOINT WARNING * * *
You hit the jelly. You burn the jelly.
Your hands burn!
* * * LOW HITPOINT WARNING * * *
The jelly is severely wounded.
The jelly hits you.
You die...

....# #.#### ....#
#....# ....# #....# .
....# #....+ .. ....#
#.... ... ....+ +...#
..#
....##########...##...##
...<.........#..........
........<....#.J@.....$.
.............'..........
.............#..........
...........>.#...##...##
.............#...# ...#
.............#...# ..#
.............#...# .#
.............#...# .#
##############...#


You could see a jelly.

Vanquished Creatures
  Grinder (D:4)
  An ogre (D:4)
  A phantom (D:4)
  A scorpion (D:5)
  A hound (D:3)
  Terence (D:3)
  6 adders
  An adder skeleton (D:4)
  3 dart slugs
  2 orcs
  An endoplasm (D:1)
  6 giant cockroaches
  4 goblins
  6 hobgoblins
  6 quokkas
  4 ball pythons
  8 bats
  2 frilled lizards (D:3)
  9 kobolds
  7 rats
71 creatures vanquished.

Vanquished Creatures (collateral kills)
  A foxfire (D:4)
1 creature vanquished.

Vanquished Creatures (others)
  98 foxfires
98 creatures vanquished.

Grand Total: 170 creatures vanquished

Notes
Turn   | Place    | Note
-------+----------+-------------------------------------------
     0 | D:1      | dolemite99 the Hill Orc Cinder Acolyte began the quest for
                  | the Orb.
     0 | D:1      | Reached XP level 1. HP: 19/19 MP: 2/2
   291 | D:1      | Found a faded altar of an unknown god.
   551 | D:1      | Reached XP level 2. HP: 9/24 MP: 3/3
  1067 | D:2      | Reached skill level 5 in Axes
  1102 | D:2      | Reached XP level 3. HP: 29/31 MP: 0/4
  1278 | D:2      | Found a sparkling altar of Nemelex Xobeh.
  2147 | D:3      | Reached skill level 6 in Axes
  2482 | D:3      | Reached XP level 4. HP: 39/39 MP: 5/5
  2513 | D:3      | Found a transporter.
  2522 | D:3      | Noticed Terence
  2524 | D:3      | Noticed timneilson's ghost (amateur GrFi)
  2526 | D:3      | Found a transporter.
  2640 | D:3      | Killed Terence
  2905 | D:3      | Reached skill level 7 in Axes
  2965 | D:3      | Reached XP level 5. HP: 45/45 MP: 6/6
  3451 | D:4      | Found Evugh's Jewellery Shoppe.
  3764 | D:4      | Found Fiucwag's Book Shoppe.
  3764 | D:4      | Found Vypnon's Antique Armour Shoppe.
  3765 | D:4      | Found Nusof's Armour Shoppe.
  4154 | D:4      | Noticed Grinder
  4160 | D:4      | Paralysed by Grinder for 2 turns
  4163 | D:4      | Killed Grinder
  4164 | D:4      | Reached skill level 9 in Axes
  4164 | D:4      | Reached XP level 6. HP: 44/51 MP: 7/7
  4524 | D:4      | Reached skill level 10 in Axes
  4524 | D:4      | Reached XP level 7. HP: 35/57 MP: 8/8
  5104 | D:5      | Entered Level 5 of the Dungeon
  5340 | D:5      | Slain by a jelly

Illustrated notes

Levels and vault maps discovered:
D:1:      lemuel_arrival_lava_pool, layout_basic, basic_ecumenical_altar,
          minmay_misc_feat_columns
D:2:      layout_loops_ring, basic_altar
D:3:      minmay_razor_zed, layout_basic, gammafunk_ghost_arena, uniq_terence
D:4:      layout_basic, mrwooster_statue_mirror, minmay_shop_grid_forest,
          grunt_ministairs_5, minmay_hedge_maze, uniq_grinder
D:5:      minmay_spotlight, layout_gridville, kennysheep_mini, uniq_edmund

Skill      XL: |  1  2  3  4  5  6 |
---------------+-------------------+-----
Axes           | 5 6 7 9 10 | 10.7
Fighting       | |  3.6
Spellcasting   | |  1.0
Fire Magic     | |  1.1

Action                   |  1- 3 |  4- 6 |  7- 9 || total
-------------------------+-------+-------+-------++-------
Melee: Hand axe          |    90 |   124 |    17 ||   231
Invok: Foxfire Swarm     |     1 |     6 |     1 ||     8
       Rising Flame      |       |     1 |       ||     1
Armor: Chain mail        |    69 |    76 |     7 ||   152
Dodge: Dodged            |    37 |    46 |     3 ||    86
Block: Buckler           |     8 |     9 |     1 ||    18

Table legend: (Time is in decaauts)
 A = Elapsed time spent in this place.
 B = Non-inter-level travel time spent in this place.
 C = Inter-level travel time spent in this place.
 D = Time resting spent in this place.
 E = Time spent auto-exploring this place.
 F = Levels seen in this place.
 G = Mean time per level.
                   A        B        C        D        E       F      G
               +--------+--------+--------+--------+--------+-----+--------+
         Total |   5346 |   5234 |    112 |   1876 |   2491 |   5 | 1069.2 |
       Dungeon |   5346 |   5234 |    112 |   1876 |   2491 |   5 | 1069.2 |
               +--------+--------+--------+--------+--------+-----+--------+

Top non-repeatable levels by time:
     D:4: 1681 daAuts
     D:3: 1606 daAuts
     D:1: 981 daAuts
     D:2: 843 daAuts
     D:5: 233 daAuts
